 Dungeon Crawl Stone Soup version 0.31.0-9-g3a7656b989 (webtiles) character file.

Game seed: 12940161167331813823

36 qw the Shooter (level 3, -5/20 HPs)
             Began as a Deep Elf Hunter on Feb 2, 2024.
             Slain by Sigmund
             ... wielding a +0 scythe
              (7 damage)
             ... on level 2 of the Dungeon.
             The game lasted 00:00:05 (1815 turns).

qw the Shooter (Deep Elf Hunter)                    Turns: 1815, Time: 00:00:06

Health: -5/20      AC:  6    Str: 10    XL:     3   Next: 19%
Magic:  5/5        EV:  9    Int: 13    God:
Gold:   93         SH:  0    Dex: 18    Spells: 2/2 levels left

rFire   . . .        a - +0 shortbow
rCold   . . .        (shield currently unavailable)
rNeg    . . .        d - +0 scale mail
rPois   .            (no helmet)
rElec   .            (no cloak)
rCorr   .            (no gloves)
SInv    .            (no boots)
Will    .....        (no amulet)
Stlth   +            (no ring)
HPRegen 0.23/turn    (no ring)
MPRegen 0.09/turn

%: no passive effects
@: about to teleport
A: no striking features
a: no special abilities


You were on level 2 of the Dungeon.
You visited 1 branch of the dungeon, and saw 2 of its levels.

You collected 115 gold pieces.
You spent 22 gold pieces at shops.


   Skills:
 - Level 1.5 Fighting
 + Level 6.8 Ranged Weapons
 - Level 2.4 Dodging
 - Level 1.2 Stealth


You had 2 spell levels left.
You didn't know any spells.
Your spell library was empty.

Inventory:

Hand Weapons
 a - a +0 shortbow (weapon)
Armour
 d - a +0 scale mail (worn)

Dungeon Overview and Level Annotations

Branches:
Dungeon (2/15)

Altars:

Shops:
D:1 ?

Annotations:
D:2 Sigmund


Message History

Done exploring.
Done exploring.
1776 ||| READING scroll labelled ZERENU SEELE.
As you read the scroll labelled ZERENU SEELE, it crumbles to dust.
You feel momentarily disoriented.
It was a scroll of revelation.
Done exploring.
What level of the Dungeon? (default 1, ? - help)
Things that are here:
a +0 short sword; a kobold skeleton; a jackal skeleton
Things that are here:
a +0 long sword; a jackal corpse
There is an open door here.
Sigmund shouts!
You shoot an arrow. The arrow hits Sigmund.
Sigmund is lightly wounded.
You shoot an arrow.
The arrow hits Sigmund but does no damage.
Sigmund is lightly wounded.
You shoot an arrow. The arrow hits Sigmund.
Sigmund is lightly wounded.
Sigmund casts a spell at you. The puff of flame hits you!
You shoot an arrow.
The arrow hits Sigmund but does no damage.
Sigmund is lightly wounded.
Sigmund barely misses you.
You shoot an arrow.
The arrow hits Sigmund but does no damage.
Sigmund is lightly wounded.
You shoot an arrow. The arrow barely misses Sigmund.
Sigmund hits you from afar with a +0 scythe.
You shoot an arrow. The arrow closely misses Sigmund.
Sigmund flickers, as though insubstantial.
Sigmund hits you from afar with a +0 scythe!
1815 ||| READING scroll of teleportation.
As you read the scroll of teleportation, it crumbles to dust.
You feel strangely unstable.
Sigmund hits you from afar with a +0 scythe!
You die...
Sigmund begins carving another notch in his scythe.

##.#.###.#..#...........#
##.#.#.
...#..........##..#######
#...... ###...##.#........#
#..#.#. ......##.##.......#
#..#.## ###...##.##.......#
#..#.# #...##.##.......# #..#.#
#....#.#.....@..# #..#.##
#.#..#.#.####..####### #).#...
#.#..#.#.#....@#.....####).####
#.#<.#.#.#...........'.....#
#.#.##.#.#####.#.....#####.#
#.#....#......|............#
#.############<###########.#
#...........##.# #########
#########.....##.# #.......#
..............##)# #.#####.#
....).........##.# #.# #.#


You could see Sigmund.

Vanquished Creatures
  2 dart slugs
  3 ball pythons
  An endoplasm (D:1)
  2 giant cockroaches
  A goblin (D:1)
  3 hobgoblins
  4 jackals (D:2)
  A quokka (D:2)
  2 bats (D:1)
  5 kobolds
  4 rats (D:1)
28 creatures vanquished.

Notes
Turn   | Place    | Note
-------+----------+-------------------------------------------
     0 | D:1      | qw the Deep Elf Hunter began the quest for the Orb.
     0 | D:1      | Reached XP level 1. HP: 12/12 MP: 3/3
     0 | D:1      | 0 ||| qw: Version: 0.3-a-155-g5e7d8dd
     0 | D:1      | 0 ||| qw: Game counter: 382
     0 | D:1      | 0 ||| qw: Melee chars always use a shield: true
     0 | D:1      | 0 ||| qw: God list: Okawaru
     0 | D:1      | 0 ||| qw: Allow faded altars: false
     0 | D:1      | 0 ||| qw: Do Orc after clearing Dungeon:15 true
     0 | D:1      | 0 ||| qw: Do second Lair branch before Depths: true
     0 | D:1      | 0 ||| qw: Lair rune preference: random
     0 | D:1      | 0 ||| qw: Goals: Normal
     0 | D:1      | 0 ||| PLANNING D:1-11
   113 | D:1      | You fall into a shaft and drop 1 floor!
   204 | D:2      | Reached skill level 6 in Ranged Weapons
   204 | D:2      | Reached XP level 2. HP: 16/16 MP: 4/4
   231 | D:2      | Found a faded altar of an unknown god.
   441 | D:2      | 441 ||| READING 4 scrolls labelled VEGIUR UNUURCH.
   442 | D:2      | 442 ||| READING scroll labelled LEUWASS CUSSI.
   442 | D:2      | 442 ||| IDENTIFYING scroll labelled XEUMMAECIG
   443 | D:2      | 443 ||| READING 2 scrolls labelled KUNOGH USUSK.
   444 | D:2      | 444 ||| DROPPING scroll of butterflies.
   445 | D:2      | 445 ||| DROPPING 3 scrolls of immolation.
   446 | D:2      | 446 ||| DROPPING scroll of noise.
   447 | D:2      | 447 ||| DROPPING scroll of fog.
   537 | D:1      | Found Joopaciv's Magic Scroll Emporium.
   546 | D:1      | 546 ||| SHOPLISTING 3 scrolls of identify (66 gold, have
                  | 30).
   546 | D:1      | 546 ||| SHOPLISTING scroll of brand weapon (104 gold, have
                  | 30).
   546 | D:1      | 546 ||| SHOPLISTING scroll of enchant weapon (82 gold, have
                  | 30).
   546 | D:1      | 546 ||| BUYING scroll of identify (22 gold).
   546 | D:1      | Bought a scroll of identify for 22 gold pieces
   546 | D:1      | 546 ||| SHOPLISTING scroll of teleportation (33 gold, have
                  | 8).
  1144 | D:1      | 1144 ||| DROPPING scarf of harm.
  1145 | D:1      | 1145 ||| UPGRADING to +0 scale mail.
  1155 | D:1      | 1155 ||| DROPPING +0 leather armour.
  1156 | D:1      | 1156 ||| READING scroll of identify.
  1156 | D:1      | 1156 ||| IDENTIFYING 2 scrolls labelled ENWOCI JIJUCY
  1157 | D:1      | 1157 ||| READING 2 scrolls labelled HONEID DEUSTIO.
  1258 | D:1      | 1258 ||| DROPPING scroll of vulnerability.
  1415 | D:2      | Noticed Sigmund
  1419 | D:2      | Reached XP level 3. HP: 20/20 MP: 5/5
  1424 | D:2      | HP: 3/20 [kobold/+0 short sword (4)]
  1425 | D:2      | 1425 ||| READING 2 scrolls of teleportation.
  1425 | D:2      | HP: 1/20 [something (2)]
  1776 | D:2      | 1776 ||| READING scroll labelled ZERENU SEELE.
  1814 | D:2      | HP: 2/20 [Sigmund/+0 scythe (9)]
  1815 | D:2      | 1815 ||| READING scroll of teleportation.
  1815 | D:2      | Slain by Sigmund

Levels and vault maps discovered:
D:1:      dpeg_arrival_rooms_b, layout_basic, serial_shops,
          nicolae_shop_statue_plus
D:2:      layout_basic, shapermc_ecumenical_altar_rom_forum, uniq_sigmund

Skill      XL: |  1 |
---------------+----+-----
Ranged Weapons | 6 |  6.8
Fighting       | |  1.5
Dodging        | |  2.4
Stealth        | |  1.2

Action                     || total
---------------------------++-------
   Fire: Shortbow          ||    65
    Use: Scroll            ||     8
 Armour: Leather armour    ||     3
         Scale mail        ||    15
  Dodge: Dodged            ||    13

Table legend:
 A = Non-vault XP
 B = Vault XP
 C = Vault XP percentage of total XP
 D = Non-vault monster count
 E = Vault monster count
 F = Vault count percentage of total count
                 A         B        C        D         E       F
            +---------+---------+-------+---------+---------+-------
      Total |      52 |       0 |   0.0 |      28 |       0 |   0.0
            +---------+---------+-------+---------+---------+-------
        D:1 |      26 |       0 |   0.0 |      15 |       0 |   0.0
        D:2 |      26 |       0 |   0.0 |      13 |       0 |   0.0
            +---------+---------+-------+---------+---------+-------
